 Dungeon Sprint DCSS version 0.26-a0-690-gcb57259078 (webtiles) character file.

Game seed: 16502956471556472280

21 sahdkjhfkaj the Shield-Bearer (level 2, -2/36 HPs)
             Began as a Demonspawn Fighter on Oct 25, 2020.
             Was a Believer of Yredelemnul.
             Slain by a water moccasin (6 damage)
             ... in the Dungeon (Sprint VII: "The Pits").
             The game lasted 00:00:31 (139 turns).

sahdkjhfkaj the Shield-Bearer (Demonspawn Fighter)   Turns: 139, Time: 00:00:32

Health: -2/36      AC:  6    Str: 16    XL:     2   Next: 62%
Magic:  2/2        EV:  7    Int:  9    God:    Yredelemnul [**....]
Gold:   0          SH:  9    Dex: 12    Spells: 1/1 levels left

rFire    . . .     SeeInvis .   a - +0 war axe
rCold    . . .     Faith    .   c - +0 kite shield
rNeg     . . .     Spirit   .   b - +0 scale mail
rPois    .         Reflect  .   (no helmet)
rElec    .         Harm     .   (no cloak)
rCorr    .         Rampage  .   (no gloves)
MR       .....     NoTele   +   (no boots)
Stlth    ..........             (no amulet)
HPRegen  0.12/turn              (no ring)
MPRegen  0.08/turn              (no ring)

@: berserking, very quick
A: hooves 1
a: Animate Remains, Recall Undead Slaves, Injury Mirror, Renounce Religion


You were in the Dungeon.
You worshipped Yredelemnul.
Yredelemnul was pleased with you.
You visited 1 branch

Inventory:

Hand Weapons
 a - a +0 war axe (weapon)
Armour
 b - a +0 scale mail (worn)
 c - a +0 kite shield (worn)
Scrolls
 j - a scroll of blinking
 l - 3 scrolls of remove curse
 m - 5 scrolls of amnesia
 n - a scroll of summoning
Potions
 d - a potion of might {!q}
 f - a potion of heal wounds {!q}
 g - a potion of haste {!q}
 h - 4 potions of magic {!q}
 i - 2 potions of berserk rage {!q}
 k - 2 potions of invisibility {!q}


   Skills:
 + Level 3.5 Fighting
 * Level 3.1 Axes
 + Level 3.2 Armour
 + Level 1.4 Dodging
 * Level 3.7 Shields


You had one spell level left.
You didn't know any spells.
Your spell library was empty.

Dungeon Overview and Level Annotations

Branches:
Dungeon (1/1)

Altars:
Ashenzari
Cheibriados
Dithmenos
Elyvilon
Fedhas
Gozag
Hepliaklqana
Kikubaaqudgha
Makhleb
Nemelex Xobeh
Okawaru
Qazlal
Ru
Sif Muna
Trog
Uskayaw
Vehumet
Wu Jian
Xom
Yredelemnul
Zin
The Shining One
Beogh
Jiyva
Lugonu


Innate Abilities, Weirdness & Mutations

You have large cloven feet.


Message History

The water moccasin bites you.
* * * LOW HITPOINT WARNING * * *
You are more poisoned.
The water moccasin poisons you! The leopard gecko barely misses you.
The water moccasin bites you.
* * * LOW HITPOINT WARNING * * *
You are more poisoned.
The water moccasin poisons you! The leopard gecko barely misses you.
Really quaff
e - a potion of curing {!q}?
You feel better. The water moccasin bites you.
* * * LOW HITPOINT WARNING * * *
The leopard gecko closely misses you. The water moccasin bites you.
* * * LOW HITPOINT WARNING * * *
Really quaff
i - 3 potions of berserk rage {!q}?
A red film seems to cover your vision as you go berserk!
You feel yourself moving faster!
You feel mighty!
The leopard gecko bites you but does no damage.
The water moccasin bites you.
You die...
Your body rises from the dead as a mindless zombie.

#..........)'...........
#+#####'#####......#..#.
#...).# #...........
#.....# ####'#####++
###'### #.......#
#.....# #.......#
#.....# #.......#
####'##+###...<...#
#...l@S..##.......#
#........##.......#
###########.......#
#########


You could see a water moccasin and a leopard gecko.

Vanquished Creatures
  An adder (D)
  An ufetubus (D)
  A leopard gecko (D)
  An orc (D)
  A ball python skeleton (D)
  A kobold (D)
  A rat (D)
7 creatures vanquished.

Notes
Turn   | Place    | Note
-------+----------+-------------------------------------------
     0 | D        | sahdkjhfkaj the Demonspawn Fighter began the quest for the
                  | Orb.
     0 | D        | Reached XP level 1. HP: 18/18 MP: 1/1
    33 | D        | Found a bloodstained altar of Trog.
    33 | D        | Found a shimmering blue altar of Sif Muna.
    33 | D        | Found a viscous altar of Jiyva.
    33 | D        | Found a hazy altar of Hepliaklqana.
    33 | D        | Found an opulent altar of Gozag.
    34 | D        | Found a glowing golden altar of the Shining One.
    34 | D        | Found a glowing silver altar of Zin.
    34 | D        | Found a basalt altar of Yredelemnul.
    34 | D        | Found a shimmering altar of Xom.
    34 | D        | Found an ornate altar of the Wu Jian Council.
    34 | D        | Found a sacrificial altar of Ru.
    34 | D        | Found a stormy altar of Qazlal.
    34 | D        | Found an iron altar of Okawaru.
    34 | D        | Found a sparkling altar of Nemelex Xobeh.
    34 | D        | Found a burning altar of Makhleb.
    34 | D        | Found a blossoming altar of Fedhas.
    34 | D        | Found a white marble altar of Elyvilon.
    34 | D        | Found a shadowy altar of Dithmenos.
    34 | D        | Found a snail-covered altar of Cheibriados.
    35 | D        | Found a radiant altar of Vehumet.
    35 | D        | Found a corrupted altar of Lugonu.
    35 | D        | Found a roughly hewn altar of Beogh.
    36 | D        | Found a hide-covered altar of Uskayaw.
    36 | D        | Found an ancient bone altar of Kikubaaqudgha.
    36 | D        | Found a broken altar of Ashenzari.
    40 | D        | Became a worshipper of Yredelemnul the Dark
    87 | D        | Reached * piety under Yredelemnul
    87 | D        | Reached skill level 1 in Dodging
    87 | D        | Gained mutation: You have large cloven feet. [demonic
                  | ancestry]
    87 | D        | Reached XP level 2. HP: 23/24 MP: 2/2
   130 | D        | Noticed a water moccasin
   133 | D        | Reached ** piety under Yredelemnul
   139 | D        | Slain by a water moccasin

Illustrated notes

Levels and vault maps discovered:
D:        pitsprint [storerooms_1, entrance_room_1, metal_vault_6, armoury_1,
          mini_pit_1, grid_room_1, main_hall_1, silver_pit, the_coven_3,
          the_vestibule_1, steel_vault_4, golden_pit, hallway_of_sentries,
          crystal_vault_3, iron_vault_1, final_vault]

Skill      XL: |  1  2 |
---------------+-------+-----
Axes           | 2 3 |  3.1
Shields        | 3 |  3.7
Armour         | 3 |  3.2
Dodging        | 1 |  1.4
Fighting       | |  3.5

Action                   || total
-------------------------++-------
Melee: War axe           ||    29
       Kick              ||     3
  Use: Potion            ||     2
Armor: Scale mail        ||    21
Dodge: Dodged            ||    19
Block: Kite shield       ||    14

Table legend: (Time is in decaauts)
 A = Elapsed time spent in this place.
 B = Non-inter-level travel time spent in this place.
 C = Inter-level travel time spent in this place.
 D = Time resting spent in this place.
 E = Time spent auto-exploring this place.
 F = Levels seen in this place.
 G = Mean time per level.
                   A        B        C        D        E       F      G
               +--------+--------+--------+--------+--------+-----+--------+
         Total |    152 |    152 |      0 |     40 |      0 |   1 |  152.0 |
       Dungeon |    152 |    152 |      0 |     40 |      0 |   1 |  152.0 |
               +--------+--------+--------+--------+--------+-----+--------+

Top non-repeatable levels by time:
       D: 152 daAuts
